 Dungeon Crawl Stone Soup version 0.14-a0-30-gf0b6e91 (webtiles) character file.

82 PolkaDot the Sneak (level 2, -1/15 HPs)
             Began as an Octopode Wizard on Sept 26, 2013.
             Slain by an adder (5 damage)
             ... on Level 2 of the Dungeon.
             The game lasted 00:05:28 (1064 turns).

PolkaDot the Sneak (Octopode Wizard)                Turns: 1064, Time: 00:05:28

HP  -1/15        AC  1     Str  6      XL: 2   Next: 91%
MP   1/7         EV 12     Int 20      God:
Gold 60          SH  0     Dex 10      Spells:  1 memorised,  6 levels left

Res.Fire  : . . .   See Invis. : .   j - +0,+2 elf short sword
Res.Cold  : . . .   Warding    : .   (no shield)
Life Prot.: . . .   Conserve   : .   b - +0 wizard hat
Res.Poison: .       Res.Corr.  : .   (no amulet)
Res.Elec. : .       Clarity    : .   l - ring of sustain abilities {unknown}
Sust.Abil.: + .     Spirit.Shd : .   (no ring)
Res.Mut.  : .       Stasis     : .   (no ring)
Res.Rott. : .       Flight     : .   (no ring)
Saprovore : . . .                    (no ring)
                                     (no ring)
                                     (no ring)
                                     (no ring)

@: mildly poisoned, not resistant to hostile enchantments, quite stealthy
A: almost no armour, amphibious, 8 rings, constrict 8, camouflage 1, AC +1
a: no special abilities


You were on level 2 of the Dungeon.
You were not hungry.

You visited 1 branch of the dungeon, and saw 2 of its levels.

You collected 40 gold pieces.

Inventory:

Hand weapons
 j - a +0,+2 elven short sword (weapon)
Armour
 b - a +0 wizard hat (worn)
Comestibles
 a - a pear
 d - a bread ration
 f - 2 chunks of goblin flesh
 m - a chunk of ball python flesh
Scrolls
 e - 5 scrolls of identify {unknown}
 g - a scroll of noise {unknown}
 n - a scroll of teleportation {unknown}
 o - a scroll of random uselessness {unknown}
 p - a scroll of fog {unknown}
Jewellery
 l - a ring of sustain abilities (left tentacle) {unknown}
Potions
 i - a potion of speed {unknown}
 k - a potion of brilliance {unknown}
Books
 c - a book of Minor Magic

   Spells                             Type                      Level
   *Magic Dart                        Conjuration                  1
   Blink                              Translocation                2
   Call Imp                           Summoning                    2
   Repel Missiles                     Charms/Air                   2
   Slow                               Hexes                        2
   Conjure Flame                      Conjuration/Fire             3
   Mephitic Cloud                     Conjuration/Poison/Air       3


   Skills:
 - Level 2.0 Dodging
 - Level 3.1 Stealth
 - Level 3.0 Spellcasting
 * Level 2.4 Conjurations
   Level 1.0 Summonings
   Level 1.0 Translocations


You had 6 spell levels left.
You knew the following spells:

 Your Spells              Type           Power        Failure   Level  Hunger
a - Magic Dart            Conj           ##..         6%          1    None


Dungeon Overview and Level Annotations

Branches:
Dungeon (2/27)

Altars:


Innate Abilities, Weirdness & Mutations

You cannot wear most types of armour.
You are amphibious.
You can wear up to eight rings at the same time.
You can use your tentacles to constrict many enemies at once.
Your skin changes colour to match your surroundings (Stlth).
Your rubbery body absorbs attacks (AC +1).


Message History

Press: ? - help, Shift-Dir - straight line, f/p - adder
Aim: an adder (heavily wounded)
The magic dart hits the adder.
The adder is heavily wounded.
The adder bites you.
* * * LOW HITPOINT WARNING * * *
You are poisoned.
The adder poisons you!
Casting: Magic Dart
Confirm with . or Enter, or press ? or * to list all spells.
Aiming: Magic Dart
Press: ? - help, Shift-Dir - straight line, f/p - adder
Aim: an adder (heavily wounded)
The magic dart hits the adder.
The adder is heavily wounded.
The adder barely misses you.
Drink which item? (? for menu, Esc to quit)
You feel refreshed.
It was a potion of restore abilities.
The adder closely misses you. The adder bites you.
You die...

########
#......#
#......#
#......#
#......#
#@# #S#
#.. ..#.
#.#..
..# #.
... ..
###


You could see an adder.

Vanquished Creatures
  An ooze (D:1)
  A ball python (D:1)
  3 hobgoblins (D:1)
  6 bats (D:1)
  2 giant newts (D:1)
  A goblin (D:1)
  4 kobolds (D:1)
  4 rats (D:1)
22 creatures vanquished.

Notes
Turn   | Place    | Note
--------------------------------------------------------------
     0 | D:1      | PolkaDot, the Octopode Wizard, began the quest for the Orb.
     0 | D:1      | Reached XP level 1. HP: 9/9 MP: 5/5
   292 | D:1      | Reached XP level 2. HP: 5/15 MP: 1/7
  1064 | D:2      | Slain by an adder

Action                   || total
-------------------------++-------
Melee: Unarmed           ||     7
       Short sword       ||    11
 Cast: Magic Dart        ||    39
  Use: Potion            ||     1
 Stab: Sleeping          ||     2
